 Dungeon Crawl Stone Soup version 0.29.1-15-g9cfb28693d (webtiles) character file.

Game seed: 5914181327661492359

247 croobank the Firebug (level 5, -2/38 HPs)
             Began as a Demonspawn Fire Elementalist on Mar 22, 2023.
             Splashed by a jelly's acid (8 damage)
             ... on level 4 of the Dungeon.
             The game lasted 00:09:18 (2724 turns).

croobank the Firebug (Demonspawn Fire Elementalist) Turns: 2724, Time: 00:09:19

Health: -2/38      AC: -1    Str:  9    XL:     5   Next: 85%
Magic:  0/9        EV: 12    Int: 18    God:
Gold:   150        SH:  0    Dex: 13    Spells: 6/9 levels left

rFire   . . .      SeeInvis .   h - +0 short sword (venom)
rCold   . . .      Faith    .   (no shield)
rNeg    . . .      Spirit   .   a - +0 robe
rPois   .          Reflect  .   (helmet restricted)
rElec   .          Harm     .   (no cloak)
rCorr   .          Rampage  .   c - +0 pair of gloves
Will    .....                   (no boots)
Stlth   ++........              (no amulet)
HPRegen 0.12/turn               (no ring)
MPRegen 0.11/turn               (no ring)

@: corroded
A: antennae 1, demonic guardian 1
a: no special abilities


You were on level 4 of the Dungeon.
You visited 1 branch of the dungeon, and saw 4 of its levels.

You collected 150 gold pieces.

Inventory:

Hand Weapons
 f - a +0 whip
 h - a +0 short sword of venom (weapon)
 j - a +0 spear
Armour
 a - a +0 robe (worn)
 c - a +0 pair of gloves (worn)
Wands
 g - a wand of flame (16)
Scrolls
 d - 3 scrolls of identify {unknown}
 e - a scroll of teleportation {unknown}
 i - 2 scrolls of immolation {unknown}
 l - a scroll of vulnerability {unknown}
 m - a scroll of poison {unknown}
Potions
 b - a potion of flight
 k - a potion of mutation {unknown}


   Skills:
 + Level 1.7 Fighting
 + Level 2.7 Dodging
 + Level 2.9 Stealth
 + Level 2.9 Spellcasting
 + Level 2.5 Conjurations
 + Level 3.5 Fire Magic


You had 6 spell levels left.
You knew the following spells:

 Your Spells              Type           Power      Damage    Failure   Level
a - Foxfire               Conj/Fire      52%        2x1d6     4%          1
b - Scorch                Fire           30%        2d7       6%          2

Your spell library contained the following spells:

 Spells                   Type           Power      Damage    Failure   Level
 Conjure Flame            Conj/Fire      13%        6-21      14%         3
 Sandblast                Erth           4%         2d4       17%         1
 Summon Small Mammal      Summ           8%         N/A       17%         1
 Inner Flame              Hex/Fire       9%         N/A       24%         3
 Ensorcelled Hibernation  Hex/Ice        4%         N/A       26%         2
 Passwall                 Tmut/Erth      1%         N/A       26%         2
 Stone Arrow              Conj/Erth      14%        3d7       30%         3
 Flame Wave               Conj/Fire      13%        2d6       43%         4
 Call Canine Familiar     Summ           2%         N/A       45%         3
 Summon Guardian Golem    Hex/Summ       2%         N/A       45%         3
 Swiftness                Air            2%         N/A       45%         3
 Fireball                 Conj/Fire      6%         3d5       78%         5
 Iskenderun's Battlesphe  Conj           11%        2d7       86%         5
 Conjure Ball Lightning   Conj/Air       3%         3x3d6     100%        6
 Orb of Destruction       Conj           5%         9d5       100%        7


Dungeon Overview and Level Annotations

Branches:
Dungeon (4/15)
 Temple: D:4-7

Altars:
Ru

Annotations:
D:2 Terence
D:4 2 transporters, zeram's ghost, amateur SpHu


Innate Abilities, Weirdness & Mutations

You have a pair of small antennae on your head.
A weak demonic guardian rushes to your aid.


Message History

Confirm with . or Enter, or press ? or * to list all spells.
You don't have enough magic to cast this spell.
The goblin attacks as you move away! The goblin completely misses you.
The goblin barely misses you. The jelly attacks as you move away!
The jelly barely misses you. The goblin attacks as you move away!
The goblin closely misses you. The goblin attacks as you move away!
The goblin barely misses you. The jelly attacks as you move away!
The jelly misses you. The goblin attacks as you move away!
The goblin barely misses you.
Casting: Scorch (safe; 6% risk of failure)
Confirm with . or Enter, or press ? or * to list all spells.
Flames lash the goblin.
You kill the goblin!
The jelly barely misses you.
You hit the jelly.
The jelly is poisoned.
Your hands burn!
The jelly is lightly wounded.
The jelly hits you. The acid corrodes you!
You are splashed with acid!
Casting: Scorch (safe; 6% risk of failure)
Confirm with . or Enter, or press ? or * to list all spells.
You don't have enough magic to cast this spell.
Casting: Scorch (safe; 6% risk of failure)
Confirm with . or Enter, or press ? or * to list all spells.
You don't have enough magic to cast this spell.
The jelly attacks as you move away! The jelly hits you.
You are splashed with acid!
* * * LOW HITPOINT WARNING * * *
Casting: Scorch (safe; 6% risk of failure)
Confirm with . or Enter, or press ? or * to list all spells.
You conjure some foxfire!
The jelly misses you.
You hit the jelly.
Your hands burn!
* * * LOW HITPOINT WARNING * * *
The jelly is heavily wounded.
The foxfire hits the jelly.
The jelly is heavily wounded.
The foxfire hits the jelly.
The jelly is severely wounded.
The jelly hits you.
* * * LOW HITPOINT WARNING * * *
A demonic guardian appears!
You are splashed with acid!
You die...

####. # ....# .# #?.# .. ##
#..#####.# .##### # #
#.....$..# .#... .. #.
#.#...)##
.#.#######.#.#######.#.....##
...........)....5.....>.....#
.#.##.##. #..(.@J.)...)....#
.#.##.# #.####..##.......#
.#..#.# #.# #.............
....#.# #.# #..###....####:
.##.#.# #.# #..# ######
..#.#.##.###.## #..#
.....†...##.(.###..#
.##.#######........#
........#.......#..##


You could see a jelly (very poisoned, ally target) and a friendly iron imp
(summoned).

Vanquished Creatures
  A bullfrog (D:3)
  A scorpion (D:4)
  A jelly (D:4)
  3 adders
  2 dart slugs
  2 orcs
  5 ball pythons
  2 bats (D:3)
  2 endoplasms
  3 giant cockroaches
  6 goblins
  7 hobgoblins
  2 jackals (D:2)
  7 kobolds
  A quokka (D:4)
  A frilled lizard (D:3)
  A rat (D:1)
47 creatures vanquished.

Vanquished Creatures (collateral kills)
  An adder (D:3)
  3 orcs (D:3)
4 creatures vanquished.

Vanquished Creatures (others)
  152 foxfires
  2 plants (D:4)
154 creatures vanquished.

Grand Total: 205 creatures vanquished

Notes
Turn   | Place    | Note
-------+----------+-------------------------------------------
     0 | D:1      | croobank the Demonspawn Fire Elementalist began the quest
                  | for the Orb.
     0 | D:1      | Reached XP level 1. HP: 13/13 MP: 3/3
   146 | D:2      | Gained mutation: A weak demonic guardian rushes to your
                  | aid. [demonic ancestry]
   146 | D:2      | Reached XP level 2. HP: 7/19 MP: 0/5
  1216 | D:2      | Noticed Terence
  1270 | D:3      | Reached XP level 3. HP: 5/24 MP: 4/6
  1276 | D:3      | Reached skill level 3 in Fire Magic
  1308 | D:3      | Noticed a bullfrog
  1321 | D:3      | Killed a bullfrog
  1322 | D:3      | Reached skill level 1 in Fighting
  1322 | D:3      | Reached XP level 4. HP: 31/32 MP: 0/7
  1405 | D:3      | Learned a level 2 spell: Scorch
  2027 | D:3      | Found a sacrificial altar of Ru.
  2032 | D:3      | Gained mutation: You have a pair of small antennae on your
                  | head. [demonic ancestry]
  2032 | D:3      | Reached XP level 5. HP: 37/37 MP: 2/9
  2478 | D:4      | Found a transporter.
  2532 | D:4      | Noticed zeram's ghost (amateur SpHu)
  2578 | D:4      | Found a transporter.
  2724 | D:4      | Splashed by a jelly's acid

Illustrated notes

Levels and vault maps discovered:
D:1:      ncdulo_wetmaze, layout_basic
D:2:      minmay_general_purpose_star, layout_basic, basic_altar,
          minmay_large_rounded_square, chequers_serial_rivers_room_a,
          uniq_terence
D:3:      layout_rooms, nicolae_ru_great_annihilating_truth,
          kennysheep_generic_room_12
D:4:      layout_loops_ring, marbit_many_paths, serial_shops, kennysheep_mini,
          shop_fountains, shop, shop, gammafunk_ghost_gnarly_gnolls

Skill      XL: |  1  2  3 |
---------------+----------+-----
Dodging        | 2 |  2.7
Stealth        | 2 |  2.9
Fire Magic     | 3 |  3.5
Fighting       | 1 |  1.7
Conjurations   | 2 |  2.5
Spellcasting   | |  2.9

Action                   |  1- 3 |  4- 6 || total
-------------------------+-------+-------++-------
Melee: Short sword       |     9 |    11 ||    20
 Cast: Foxfire           |    39 |    47 ||    86
       Scorch            |       |    14 ||    14
  Use: Potion            |     4 |       ||     4
 Stab: Sleeping          |     1 |       ||     1
Armor: Robe              |     4 |     5 ||     9
Dodge: Dodged            |    13 |    20 ||    33
